 Dungeon Crawl Stone Soup version 0.29.1-15-g9cfb28693d (webtiles) character file.

Game seed: 957452624499175091

4 hawla the Caller (level 2, 0/20 HPs)
             Began as a Meteoran Summoner on Apr 5, 2023.
             Slain by a goblin
             ... wielding a +0 short sword
             ... led by Robin
              (2 damage)
             ... on level 2 of the Dungeon.
             The game lasted 00:00:39 (98 turns).

hawla the Caller (Meteoran Summoner)                  Turns: 98, Time: 00:00:40

Health: 0/20       AC:  3    Str:  9    XL:     2   Next: 0%
Magic:  3/6        EV: 12    Int: 16    God:
Gold:   0          SH:  0    Dex: 14    Spells: 5/6 levels left

rFire   . . .      SeeInvis .   (no weapon)
rCold   . . .      Faith    .   (no shield)
rNeg    . . .      Spirit   .   a - +0 robe
rPois   .          Reflect  .   (no helmet)
rElec   .          Harm     .   d - +0 cloak
rCorr   .          Rampage  .   (no gloves)
Will    .....                   (no boots)
Stlth   +.........              (no amulet)
HPRegen 0.06/turn               (no ring)
MPRegen 0.10/turn               (no ring)

@: glowing
A: sense surroundings 1, otherworldly, glowing, explore regen
a: no special abilities


You were on level 2 of the Dungeon.
You visited 1 branch of the dungeon, and saw 2 of its levels.

Inventory:

Armour
 a - a +0 robe (worn)
 d - a +0 cloak (worn)
Potions
 b - a potion of magic


   Skills:
 + Level 2.4 Dodging
 + Level 1.4 Stealth
 + Level 2.7 Spellcasting
 + Level 5.1 Summonings


You had 5 spell levels left.
You knew the following spells:

 Your Spells              Type           Power      Damage    Failure   Level
a - Summon Small Mammal   Summ           72%        N/A       2%          1

Your spell library contained the following spells:

 Spells                   Type           Power      Damage    Failure   Level
 Call Imp                 Summ           18%        N/A       3%          2
 Call Canine Familiar     Summ           18%        N/A       7%          3
 Summon Guardian Golem    Hex/Summ       10%        N/A       21%         3
 Summon Lightning Spire   Summ/Air       10%        N/A       54%         4


Dungeon Overview and Level Annotations

Branches:
Dungeon (2/15) Zot: 1102

Altars:
Makhleb

Annotations:
D:2 Robin


Innate Abilities, Weirdness & Mutations

You passively map a small area around you.
You are easily found by Zot.
You glow in the dark.
You regain HP and MP as you explore.


Message History

A giant cockroach comes into view.
The goblin hits you with a +0 club. Robin barely misses your bat.
The goblin hits you with a +0 club.
Casting: Summon Small Mammal (safe; 2% risk of failure)
Confirm with . or Enter, or press ? or * to list all spells.
Your bat closely misses the goblin. x2; The hobgoblin misses your bat.
Your bat hits the goblin. The hobgoblin barely misses your bat.
The goblin closely misses you. The goblin hits you with a +0 club.
The goblin hits you but does no damage. Robin hits your bat with a +0 dagger.
Your bat dies!
Your bat's corpse disappears in a puff of smoke!
The goblin closely misses you. The goblin barely misses you.
As you read the scroll labelled ATEMPE QOUWNAO, it crumbles to dust.
It is a scroll of identify.
You don't have any unidentified items.
Your quokka bites the goblin.
The goblin dies!
The frilled lizard barely misses you. The goblin hits you but does no damage.
The goblin hits you with a +0 club.
Robin roars a battlecry!
The goblins go into a battle-frenzy!
The goblin barely misses you.
Your Summonings skill increases to level 5!
The goblin attacks as you move away! The goblin hits you with a +0 club.
* * * LOW HITPOINT WARNING * * *
Your quokka bites the frilled lizard.
The frilled lizard dies!
The goblin misses you. Robin throws the goblin at you!
Unknown command.
Your quokka bites the goblin.
The goblin dies!
The goblin completely misses you.
You have reached level 2!
The goblin attacks as you move away! The goblin hits you with a +0 club.
* * * LOW HITPOINT WARNING * * *
Your quokka closely misses the goblin.
Your quokka barely misses the goblin.
The goblin attacks as you move away!
The goblin hits you with a +0 short sword.
You die...

.............####
,#..............##
,*#...........##..#
#...............#
#...............#
#....(......._..#
#....<..........#####
#....♣♣♣♣...........#
#...♣♣ ♣♣..#.@gg...#
#..♣♣ ,
♣♣.###gg...##### ###♣
, ♣## #ggr....... *
,* #..g†...... * , ,
,*, * ,, * *
#gggB.....( *, ,,,
............... , , *
######gg....... , ,
#......... , , , **
#..[......* *


You could see Robin, a giant cockroach, 5 hobgoblins, 6 goblins and a friendly
quokka (summoned).

Vanquished Creatures (collateral kills)
  2 goblins (D:2)
  A quokka (D:2)
  A frilled lizard (D:2)
4 creatures vanquished.

Notes
Turn   | Place    | Note
-------+----------+-------------------------------------------
     0 | D:1      | hawla the Meteoran Summoner began the quest for the Orb.
     0 | D:1      | Reached XP level 1. HP: 14/14 MP: 5/5
    75 | D:2      | Found a burning altar of Makhleb.
    87 | D:2      | Noticed Robin
    94 | D:2      | Reached skill level 5 in Summonings
    96 | D:2      | Reached XP level 2. HP: 4/20 MP: 3/6
    98 | D:2      | Slain by a goblin

Illustrated notes

Levels and vault maps discovered:
D:1:      dpeg_arrival_round_a, layout_loops_ring,
          ebering_ecumenical_altar_petrified, minmay_gold_behind_fungi,
          hex_large
D:2:      layout_basic, serial_forest, infiniplex_forest_zigzag_1,
          infiniplex_forest_end_1, infiniplex_forest_lined_2,
          infiniplex_forest_end_2, infiniplex_forest_corner_1,
          infiniplex_forest_straight_3, infiniplex_forest_corner_1, basic_altar,
          minmay_bisected, uniq_robin

Skill      XL: |  1 |
---------------+----+-----
Summonings     | 5 |  5.1
Dodging        | |  2.4
Stealth        | |  1.4
Spellcasting   | |  2.7

Action                   || total
-------------------------++-------
Melee: Unarmed           ||     5
 Cast: Summon Small Mamm ||     3
  Use: Scroll            ||     1
Armor: Robe              ||     6
Dodge: Dodged            ||    11
